 Dungeon Crawl Stone Soup version 0.29-a0-389-gd8082fcd2d (webtiles) character file.

Game seed: 5970079770165074938

1600091 Kenran the Slayer (level 27, 148/148 HPs)
             Began as a Felid Monk on May 7, 2022.
             Was the Champion of Ashenzari.
             Escaped with the Orb
             ... and 3 runes on May 8, 2022!
             The game lasted 05:35:42 (79860 turns).

Kenran the Slayer (Felid Monk)                     Turns: 79860, Time: 05:35:43

Health: 148/148    AC:  7    Str: 15    XL:     27
Magic:  27/27      EV: 51    Int: 19    God:    Ashenzari [******]
Gold:   5622       SH:  0    Dex: 27    Spells: 11/43 levels left
                                        Lives:  2   Deaths: 4

rFire   + + +      SeeInvis +     - Unarmed
rCold   + + .      Faith    .   (shield unavailable)
rNeg    . . .      Spirit   .   (body armour unavailable)
rPois   .          Reflect  .   (helmet unavailable)
rElec   .          Harm     .   (cloak unavailable)
rCorr   .          Rampage  .   (gloves unavailable)
Will    ++++.      Clarity  +   (boots unavailable)
Stlth   ++++......              L - amulet of the Sibylline Anxiety {Regen+, Cun, Melee} (curse)
HPRegen 1.14/turn               J - ring "Behold Eternity" {AC+4 Str+4, Self, Comp} (curse)
MPRegen 0.20/turn               I - ring "Astral Regret" {rF+++ rC+ MP-9 Str+4, Cun, Elem} (curse)

@: flying, quick
A: very small, claws 1, fangs 3, see invisible, speed 1, shaggy fur 3, stealthy
paws, no weapons or thrown items, no armour, multi-lived, antennae 1, clever 1,
fire resistance 1, screaming 1, evolution 1, inability to read while threatened
0: Orb of Zot
}: 3/15 runes: barnacled, abyssal, gossamer
a: Renounce Religion, Shatter the Chains


You escaped.
You worshipped Ashenzari.
Ashenzari was exalted by your worship.
You visited 11 branches of the dungeon, and saw 51 of its levels.
You visited the Abyss 2 times.
You also visited: Bailey.

You collected 8067 gold pieces.
You spent 2445 gold pieces at shops.

Inventory:

Jewellery
 r - the ring of Panentheism {rC- AC+4 Str+7 Int+2}
   (You acquired it on level 3 of the Crypt)

   [ring of protection]

   AC:        It affects your AC (+4).
   Str:       It affects your strength (+7).
   Int:       It affects your intelligence (+2).
   rC:        It makes you vulnerable to cold.
 I - the cursed ring "Astral Regret" (right paw) {rF+++ rC+ MP-9 Str+4, Cun, Elem}
   (You acquired it on level 1 of the Orcish Mines)

   [ring of protection from cold]

   Str:       It affects your strength (+4).
   rF:        It renders you almost immune to fire.
   rC:        It protects you from cold.
   MP:        It affects your magic capacity (-9).
   It has a curse which improves the following skills: Cunning: Dodging and
   Stealth.
   Elements:  Fire Magic, Ice Magic, Air Magic and Earth Magic.
 J - the cursed ring "Behold Eternity" (left paw) {AC+4 Str+4, Self, Comp}
   (You found it on level 1 of the Spider Nest)

   [ring of protection]

   AC:        It affects your AC (+4).
   Str:       It affects your strength (+4).
   It has a curse which improves the following skills: Introspection: Fighting
   and Spellcasting.
   Companions: Summonings and Necromancy.
 L - the cursed amulet of the Sibylline Anxiety (around neck) {Regen+, Cun, Melee}
   (You found it on level 3 of the Spider Nest)

   [amulet of regeneration]

   Regen:     It increases your rate of health regeneration.
   It has a curse which improves the following skills: Cunning: Dodging and
   Stealth.
   Melee Combat: Unarmed Combat.
 P - a ring of resist corrosion
 S - the ring "Ynkiskej" {Fly rElec MP+9 Str+2 Dex+3}
   (You found it on level 3 of the Depths)

   [ring of flight]

   Str:       It affects your strength (+2).
   Dex:       It affects your dexterity (+3).
   rElec:     It insulates you from electricity.
   MP:        It affects your magic capacity (+9).
   Fly:       It grants you flight.
 T - the ring "Tiohiloceca" {Fly rElec rF+ Int+2}
   (You found it on level 3 of the Depths)

   [ring of protection from fire]

   Int:       It affects your intelligence (+2).
   rF:        It protects you from fire.
   rElec:     It insulates you from electricity.
   Fly:       It grants you flight.
 U - the ring "Dogeshrutt" {+Blink Fly Will+ Dex+4 Slay+3}
   (You found it on level 3 of the Depths)

   [ring of flight]

   Dex:       It affects your dexterity (+4).
   Slay:      It affects your accuracy & damage with ranged weapons and melee
   (+3).
   Fly:       It grants you flight.
   +Blink:    It lets you blink.
   Will:      It increases your willpower.
Wands
 e - a wand of acid (29)
 l - a wand of polymorph (21)
 p - a wand of flame (92)
 t - a wand of digging (20)
 w - a wand of mindburst (16)
 E - a wand of paralysis (14)
 M - a wand of iceblast (32)
 R - a wand of charming (1)
Scrolls
 b - 8 scrolls of amnesia
 g - 9 scrolls of magic mapping
 h - 19 scrolls of teleportation
 j - 6 scrolls of fog
 m - 7 scrolls of blinking
 n - 14 scrolls of immolation {!r}
 y - 7 scrolls of summoning
 A - 2 scrolls of poison {!r}
 N - 10 scrolls of fear
 Z - a scroll of silence
Potions
 a - 5 potions of ambrosia
 c - 34 potions of curing {@q1}
 d - 11 potions of might
 f - 3 potions of heal wounds {@q2}
 i - 19 potions of flight
 k - 2 potions of resistance
 o - 3 potions of mutation {!q}
 q - 5 potions of haste
 s - 2 potions of brilliance
 u - 8 potions of cancellation
 v - 9 potions of lignification {!q}
 x - 2 potions of invisibility
 z - 10 potions of attraction {!q}
 B - 4 potions of magic
 D - 5 potions of berserk rage {!q}
Miscellaneous
 F - a piece from Xom's chessboard (15/15)
 H - a box of beasts (inert)
 K - a phantom mirror (inert)
 O - a phial of floods
 Y - a condenser vane


   Skills:
 + Level 24.4(26.6) Fighting
 - Level 23.0(26.4) Dodging
 - Level 21.3(24.8) Stealth
 - Level 23.9(26.1) Unarmed Combat
 - Level 6.2(8.9) Spellcasting
 - Level 6.1 Conjurations
 - Level 3.4 Hexes
 - Level 12.0 Translocations
 - Level 20.7 Transmutations
 - Level 3.8(6.2) Air Magic
 + Level 12.6(15.2) Earth Magic
 * Level 16.9 Evocations


You had 11 spell levels left.
You knew the following spells:

 Your Spells              Type           Power      Damage    Failure   Level
a - Manifold Assault      Tloc           52%        N/A       1%          5
b - Statue Form           Tmut/Erth      44%        N/A       1%          6
c - Blink                 Tloc           100%       N/A       1%          2
d - Storm Form            Tmut/Air       28%        N/A       28%         7
e - Dragon Form           Tmut           36%        N/A       1%          7
f - Irradiate             Conj/Tmut      28%        3d22      1%          5

Your spell library contained the following spells:

 Spells                   Type           Power      Damage    Failure   Level
 Sandblast                Erth           100%       2d20      0%          1
 Passwall                 Tmut/Erth      55%        N/A       0%          2
 Magic Dart               Conj           100%       1d8       1%          1
 Shock                    Conj/Air       100%       1d9       1%          1
 Slow                     Hex            84%        N/A       1%          1
 Searing Ray              Conj           62%        2d6       1%          2
 Gell's Gravitas          Tloc           52%        N/A       1%          3
 Lesser Beckoning         Tloc           52%        N/A       1%          3
 Spider Form              Tmut/Pois      47%        N/A       1%          3
 Stone Arrow              Conj/Erth      98%        3d13      1%          3
 Swiftness                Air            32%        N/A       1%          3
 Teleport Other           Tloc           52%        N/A       1%          3
 Ice Form                 Ice/Tmut       48%        N/A       1%          4
 Leda's Liquefaction      Hex/Erth       22%        N/A       1%          4
 Passage of Golubria      Tloc           52%        N/A       1%          4
 Blade Hands              Tmut           36%        N/A       1%          5
 Lee's Rapid Deconstruct  Erth           30%        3d17*     1%          5
 Yara's Violent Unravell  Hex/Tmut       26%        3d11      1%          5
 Corpse Rot               Necr/Air       40%        N/A       3%          2
 Ensorcelled Hibernation  Hex/Ice        30%        N/A       6%          2
 Confusing Touch          Hex            21%        N/A       6%          3
 Tukima's Dance           Hex            21%        N/A       6%          3
 Airstrike                Air            16%        N/A       6%          4
 Animate Skeleton         Necr           18%        N/A       8%          1
 Freeze                   Ice            36%        1d6       8%          1
 Pain                     Necr           36%        1d5       8%          1
 Summon Small Mammal      Summ           36%        N/A       8%          1
 Dispersal                Tloc           26%        N/A       10%         6
 Sublimation of Blood     Necr           9%         N/A       11%         2
 Summon Guardian Golem    Hex/Summ       15%        N/A       12%         3
 Fulminant Prism          Conj/Hex       13%        3d9       12%         4
 Iron Shot                Conj/Erth      24%        9d5       16%         6
 Iskenderun's Battlesphe  Conj           31%        2d8       19%         5
 Call Canine Familiar     Summ           9%         N/A       22%         3
 Frozen Ramparts          Ice            18%        1d3       22%         3
 Vampiric Draining        Necr           9%         2d6       22%         3
 Hailstorm                Conj/Ice       20%        3d6       22%         4
 Summon Lightning Spire   Summ/Air       20%        N/A       22%         4
 Anguish                  Hex/Necr       7%         N/A       36%         4
 Freezing Cloud           Conj/Ice/Air   12%        6-21      38%         5
 Fireball                 Conj/Fire      10%        3d6       52%         5
 Dispel Undead            Necr           9%         3d8       58%         4
 Summon Ice Beast         Ice/Summ       9%         N/A       58%         4
 Metabolic Englaciation   Hex/Ice        7%         N/A       71%         5
 Agony                    Necr           9%         N/A       90%         5
 Starburst                Conj/Fire      10%        6d5       98%         6
 Malign Gateway           Summ/Tloc      15%        N/A       99%         7
 Disjunction              Tloc           26%        N/A       99%         8
 Death Channel            Necr           4%         N/A       100%        6
 Simulacrum               Ice/Necr       4%         N/A       100%        6
 Enfeeble                 Hex            10%        N/A       100%        7
 Spellforged Servitor     Conj/Summ      10%        N/A       100%        7
 Ignition                 Fire           4%         3d4       100%        8
 Lehudib's Crystal Spear  Conj/Erth      24%        10d7      100%        8
 Maxwell's Capacitive Co  Air            16%        ∞         100%        8
 Summon Horrible Things   Summ           4%         N/A       100%        8
 Shatter                  Erth           30%        3d25*     100%        9
 Animate Armour           Summ/Erth      Unusable   N/A       N/A         4

Dungeon Overview and Level Annotations

Branches:
Dungeon (15/15)            Temple (1/1) D:4            Lair (6/6) D:10
 Shoals (4/4) Lair:3       Spider (4/4) Lair:4        Slime (0/5) Lair:5
    Orc (2/2) D:10            Elf (3/3) Orc:2        Vaults (4/5) D:13
  Crypt (3/3) Vaults:3       Tomb (0/3) Crypt:3      Depths (4/4) D:15
    Zot (5/5) Depths:4     Bailey (visited)

Altars:
Ashenzari
Cheibriados
Dithmenos
Elyvilon
Fedhas
Gozag
Hepliaklqana
Kikubaaqudgha
Makhleb
Nemelex Xobeh
Okawaru
Qazlal
Ru
Sif Muna
Trog
Uskayaw
Vehumet
Wu Jian
Xom
Yredelemnul
Zin
The Shining One
Beogh

Shops:
D:3 ?   D:4 [   D:5 :   D:8 (   D:10 *   D:14 (   Orc:1 *   Orc:2 ([**
Elf:3 ?   Shoals:4 ([   Vaults:1 ((?**   Vaults:4 [   Depths:1 (

Portals:
Hell: Depths:1 Depths:2 Depths:3 Depths:4
Abyss: Depths:1 Depths:3
Pandemonium: Depths:2
Ziggurat: Depths:1

Annotations:
D:13 exclusion: 2 doors
D:15 2 transporters, Ruezorao's ghost, journeyman NaBe
Shoals:4 exp
Depths:2 exclusion: upstairs
Depths:3 3 runed translucent doors, exclusion: downstairs
Zot:1 exclusion: quicksilver dragon, Vv
Zot:5 exclusion: upstairs


Innate Abilities, Weirdness & Mutations

You have sharp claws.
You have razor-sharp teeth.
You have supernaturally acute eyesight. (SInv)
You cover ground quickly. (Speed+)
Your thick and shaggy fur keeps you warm. (AC +3, rC+)
Your paws help you pounce on unaware monsters.
You are incapable of wielding weapons or throwing items.
You cannot wear armour.
You gain extra lives every three experience levels.
You have a pair of small antennae on your head.
Your mind is acute. (Int +2)
Your flesh is heat resistant. (rF+)
You occasionally shout uncontrollably at your foes.
You have hidden genetic potential.
You sometimes lose the ability to read scrolls when taking damage.


Message History

There is a stone staircase leading down here.
Things that are here:
a +0 robe; a +4 trident
There is a stone staircase leading up here.
You climb upwards.
There is a stone staircase leading down here.
A red devil comes into view. It is wielding a +0 trident.
There is a stone staircase leading up here.
You climb upwards.
There is a stone staircase leading down here.
There is a stone staircase leading up here.
You climb upwards.
There is a stone staircase leading down here.
There is a stone staircase leading up here.
You climb upwards.
There is a stone staircase leading down here.
You see here a +0 spear of flaming.
There is a stone staircase leading up here.
You climb upwards.
There is a stone staircase leading down here.
There is a stone staircase leading down here.
There is an escape hatch in the ceiling here.
Really go through this one-way escape hatch?
A mysterious force pulls you upwards. The hatch slams shut behind you.
There is a stone staircase leading up here.
You climb upwards.
There is a stone staircase leading down here.
You open the door.
A quokka comes into view.
The quokka completely misses you.
You scratch the quokka. You claw the quokka.
You kill the quokka!
There is an open door, spattered with blood here.
You see here 25 stones.
You feel very buoyant.
You fly up into the air.
An efreet comes into view.
It is wielding a +1 scimitar of flaming.
The efreet moves out of view.
There is a staircase leading out of the dungeon here.
You have escaped!

############### ###
#≈≈≈≈≈≈≈≈≈≈≈≈≈# #.#
#≈≈≈≈≈≈≈≈≈≈≈≈≈# #.#
#≈≈≈≈≈≈≈≈≈≈≈≈≈# #####.#
#≈≈≈≈≈≈≈≈≈≈≈≈≈# ...##.#
#≈≈≈≈≈...≈≈≈≈≈# ...##.#
#≈≈≈≈2.@..≈≈≈≈#
...##.####≈≈≈≈≈...≈≈≈≈≈#
........>#≈≈≈≈≈≈≈≈≈≈≈≈≈#
...##.##.#≈≈≈≈≈≈≈≈≈≈≈≈≈#
...##.##.#≈≈≈≈≈≈≈≈≈≈≈≈≈#
..#......#≈≈≈≈≈≈≈≈≈≈≈≈≈#
#...#.##.#≈≈≈≈≈≈≈≈≈≈≈≈≈#
##..#....#≈≈≈≈≈≈≈≈≈≈≈≈≈#
#..####.#≈≈≈{≈≈≈≈≈≈≈≈≈#


You could see a lorocyproca (invisible).

Vanquished Creatures
  3 ancient liches (Zot:5)
  7 dread liches
  Tiamat (Zot:3)
  2 orbs of fire (Zot:5)
  A pandemonium lord (Depths:2)
  Mara (Elf:2)
  4 Killer Klowns (Zot:5)
  A curse toe (Crypt:3)
  A caustic shrike (Depths:3)
  Nikola (Spider:3)
  5 golden dragons
  3 bone dragons
  Arachne (Spider:2)
  6 electric golems
  A Tzitzimitl (Depths:1)
  Zenata (Crypt:2)
  13 tentacled monstrosities
  31 Orb Guardians
  A shard shrike skeleton (Abyss:2)
  9 liches
  6 quicksilver dragons
  2 walking earthen tomes (Depths:3)
  3 deep elf master archers (Elf:3)
  A walking frostbound tome (Depths:3)
  A kraken (Shoals:3)
  A walking divine tome (Depths:3)
  2 deep elf blademasters (Elf:3)
  3 titans
  Polyphemus (Shoals:2)
  Agnes (Elf:1)
  8 tentacled starspawn
  10 tengu reavers
  Kirke (Spider:1)
  15 storm dragons
  10 death cobs
  9 ancient champions
  5 draconian knights
  9 shadow dragons
  7 sphinxes
  10 fire giants
  6 revenants
  5 draconian monks
  5 draconian scorchers
  4 iron dragons
  12 frost giants
  2 ghost moths (shapeshifter) (Depths:3)
  7 emperor scorpions
  13 vault wardens
  6 ghost moths
  3 draconian shifters
  4 deep elf sorcerers (Elf:3)
  An angel (Abyss:3)
  16 ghouls
  A caustic shrike zombie (Crypt:2)
  2 curse skulls
  10 draconian annihilators
  7 deep elf elementalists
  3 orc warlords
  A quicksilver ooze (shapeshifter) (Depths:3)
  2 draconian stormcallers
  14 ironbound preservers
  36 very ugly things
  A broodmother (shapeshifter) (Depths:3)
  A war gargoyle (Vaults:4)
  A reaper (Crypt:3)
  7 black draconians
  7 ironbound thunderhulks
  10 vampire knights
  15 green draconians
  2 ophanim (Abyss:4)
  2 broodmothers (Spider:4)
  23 stone giants
  21 dire elephants
  3 deep elf demonologists
  A lorocyproca (Abyss:3)
  7 deep elf annihilators
  8 entropy weavers
  12 red draconians
  18 yellow draconians
  7 white draconians
  13 purple draconians
  11 spark wasps
  A green death (Abyss:4)
  6 eidola
  15 fire dragons
  6 deep elf death magi
  11 ettins
  A blizzard demon (D:12)
  The ghost of Opifex the Protected, a journeyman FoFi of Cheibriados (D:12)
  11 jiangshi
  A mummy priest (Crypt:3)
  2 crystal guardians (Abyss:3)
  8 merfolk javelineers
  13 yaktaur captains
  Josephine (Shoals:1)
  7 deep elf high priests
  6 rakshasas
  9 merfolk impalers
  8 great orbs of eyes
  2 great orbs of eyes (shapeshifter) (Abyss:3)
  Erolcha (D:12)
  10 vault guards
  9 boulder beetles
  18 hydras
  9 ironbound frosthearts
  3 spriggan air magi
  A juggernaut simulacrum (Abyss:4)
  3 merfolk avatars (Shoals:4)
  10 centaur warriors
  5 catoblepae
  A jorogumo (Spider:3)
  A two-headed ogre (shapeshifter) (Vaults:2)
  A radroach (Spider:1)
  16 ice dragons
  A naga warrior (Abyss:3)
  Erica (Orc:1)
  24 dancing weapons
  2 two-headed ogres
  3 merfolk aquamancers
  3 death knights
  3 alligator snapping turtles (Shoals:4)
  8 deep troll shamans
  2 satyrs (Shoals:3)
  7 vampire magi
  Urug (Lair:1)
  A tengu warrior (Depths:3)
  6 death yaks
  2 soul eaters
  13 thrashing horrors
  7 orc high priests
  11 deep troll earth magi
  3 spriggan berserkers
  6 hell knights
  3 wretched stars
  22 deep elf knights
  23 skeletal warriors
  3 pharaoh ants
  3 shadow wraiths
  2 sixfirhies
  A bunyip zombie (Crypt:3)
  A death drake (shapeshifter) (Depths:3)
  5 iron trolls
  A fire crab (shapeshifter) (Abyss:3)
  A storm dragon skeleton (Crypt:3)
  4 spatial maelstroms
  2 orb spiders (Spider:3)
  4 flayed ghosts
  4 glowing orange brains
  A bunyip skeleton (Crypt:3)
  An iron giant skeleton (Crypt:2)
  16 sea snakes
  10 deep elf archers
  45 deep trolls
  16 wizards
  9 bog bodies
  2 lindwurms (Vaults:2)
  11 steelbarb worms
  19 harpies
  13 phantasmal warriors
  16 ironbound convokers
  27 deep elf pyromancers
  5 necromancers
  9 orc knights
  A goliath frog zombie (Crypt:2)
  20 deep elf zephyrmancers
  53 ugly things
  A sphinx zombie (Vaults:4)
  A tengu zombie (Vaults:4)
  20 wolf spiders
  2 orc sorcerers
  A salamander (Spider:4)
  7 fauns (Shoals:3)
  A faun (shapeshifter) (Depths:3)
  15 manticores
  A human zombie (Vaults:3)
  6 cyclopes
  A frost giant skeleton (Crypt:1)
  26 moths of wrath
  8 elephants (Lair:6)
  4 water nymphs
  A human skeleton (Vaults:3)
  A naga mage (Abyss:3)
  4 merfolk sirens
  A guardian serpent (Abyss:3)
  2 apocalypse crabs
  13 cane toads
  6 smoke demons
  5 black mambas
  19 vault sentinels
  4 torpor snails
  A guardian serpent (shapeshifter) (Abyss:3)
  2 gargoyles
  A red draconian zombie (Crypt:3)
  A naga skeleton (Crypt:3)
  40 yaktaurs
  A yaktaur zombie (Vaults:3)
  3 centaur skeletons (D:11)
  12 demonic crawlers
  8 unseen horrors (Abyss:3)
  3 rime drakes
  8 freezing wraiths
  An ice devil (D:12)
  7 komodo dragons
  An anaconda simulacrum (Crypt:3)
  A shock serpent skeleton (Crypt:1)
  2 tormentors
  3 tengu conjurers
  A harpy zombie (Abyss:4)
  An efreet (Abyss:3)
  4 hellwings
  10 trolls
  9 ancient zymes
  8 wind drakes
  11 polar bears
  17 merfolk
  9 guardian mummies (Crypt:3)
  6 meliai
  A polar bear (shapeshifter) (D:13)
  15 raiju
  22 tarantellas
  18 large abominations
  12 blink frogs
  Prince Ribbit (D:5)
  31 slime creatures
  An ettin zombie (Vaults:4)
  A fire dragon zombie (Crypt:3)
  3 snapping turtles
  16 dream sheep
  2 deep troll zombies
  A stone giant simulacrum (Vaults:4)
  4 air elementals
  10 centaur simulacra
  51 starcursed masses
  19 culicivoras
  6 vampires
  12 wraiths
  4 flying skulls
  22 jumping spiders
  A culicivora (shapeshifter) (Depths:3)
  4 humans (Bailey)
  A human (shapeshifter) (Abyss:3)
  4 fire bats
  5 wyverns
  4 ynoxinuls (Abyss:4)
  A shadow (D:11)
  18 water elementals
  A basilisk (Lair:2)
  3 fire elementals (Elf:2)
  6 golden eyes
  69 yaks
  42 redbacks
  A redback (shapeshifter) (Abyss:3)
  A wind drake skeleton (Crypt:2)
  14 small abominations
  4 neqoxecs
  A chaos spawn (Abyss:3)
  14 wargs
  A vampire mosquito (D:7)
  6 spatial vortices
  A harpy simulacrum (Crypt:3)
  A naga (Abyss:3)
  A merfolk zombie (Crypt:1)
  A steam dragon (D:10)
  An ogre zombie (Vaults:3)
  2 acid dragons
  19 water moccasins
  15 hell hounds (Lair:6)
  A hornet zombie (D:8)
  A meliai simulacrum (D:12)
  22 orc warriors
  11 black bears (Lair:6)
  3 floating eyes
  3 ice beasts
  A two-headed ogre skeleton (Crypt:1)
  A sky beast (D:8)
  A sky beast (shapeshifter) (Depths:4)
  3 ogres
  24 wolves
  18 centaurs
  Blork the orc (D:6)
  4 phantoms
  A draconian zombie (Crypt:3)
  A komodo dragon zombie (Crypt:1)
  A kobold brigand (D:9)
  25 bullfrogs
  13 necrophages
  4 scorpions
  A komodo dragon skeleton (Crypt:3)
  A draconian skeleton (Crypt:2)
  2 earth elementals (Elf:3)
  2 wyvern zombies
  A spriggan zombie (Crypt:1)
  29 wights
  8 killer bees
  11 howler monkeys
  8 electric eels
  4 centaur zombies
  5 hounds
  5 jellies
  36 orc priests
  2 gnoll shamans
  3 iron imps
  4 iguanas
  2 basilisk skeletons
  Ijyb (D:5)
  19 orc wizards
  A tengu skeleton (Crypt:3)
  2 mummies (D:8)
  19 gnolls
  4 adders
  A shadow imp (D:12)
  2 white imps (D:6)
  4 ufetubi
  An iguana skeleton (Crypt:1)
  A worm (D:2)
  3 dart slugs
  81 orcs
  3 bats
  2 endoplasms
  9 giant cockroaches (D:2)
  36 goblins
  34 hobgoblins
  8 jackals
  6 quokkas
  7 ball pythons
  8 frilled lizards
  A goblin zombie (Crypt:2)
  18 kobolds
  A quokka zombie (Crypt:1)
  3 rats
  A rat skeleton (Crypt:2)
  4 lurking horrors
  A starspawn tentacle (Abyss:4)
  5 tentacles (Shoals:3)
2546 creatures vanquished.

Vanquished Creatures (collateral kills)
  A draconian shifter (Zot:5)
  A black draconian (Zot:3)
  A sun demon (Depths:1)
  2 redbacks (Spider:4)
  An orc (Elf:1)
6 creatures vanquished.

Vanquished Creatures (others)
  A merfolk avatar (Shoals:3)
  A hell knight (Depths:3)
  A shadow wraith (Crypt:3)
  A deep troll (Depths:2)
  A harpy (Shoals:4)
  A lindwurm (shapeshifter) (D:15)
  A deep elf pyromancer (Elf:2)
  2 jumping spiders (Spider:3)
  A human (Spider:2)
  A golden eye (Abyss:4)
  An iron imp (Abyss:3)
  A gnoll (D:6)
  31 fungi
  A lurking horror (Abyss:4)
  146 plants
  11 starspawn tentacles
  19 tentacles
  6 withered plants (D:8)
227 creatures vanquished.

Grand Total: 2779 creatures vanquished

Notes
Turn   | Place    | Note
-------+----------+-------------------------------------------
     0 | D:1      | Kenran the Felid Monk began the quest for the Orb.
     0 | D:1      | Reached XP level 1. HP: 10/10 MP: 2/2
   118 | D:1      | Reached XP level 2. HP: 8/14 MP: 3/3
   767 | D:2      | Reached XP level 3. HP: 17/17 MP: 4/4
  1480 | D:2      | Reached XP level 4. HP: 20/21 MP: 4/6
  1599 | D:2      | Learned a level 3 spell: Confusing Touch
  1603 | D:2      | Found the +1 Delatra's gloves {ID++}
  1832 | D:3      | Found the +4 robe of Augmentation {Str+4 Int+4 Dex+4}
  1832 | D:3      | Found a bloodstained altar of Trog.
  1835 | D:3      | Reached skill level 1 in Spellcasting
  1912 | D:3      | Reached skill level 5 in Dodging
  2206 | D:3      | Reached skill level 5 in Unarmed Combat
  2206 | D:3      | Reached XP level 5. HP: 24/24 MP: 7/7
  2289 | D:3      | Found a faded altar of an unknown god.
  2477 | D:3      | Reached skill level 1 in Hexes
  2701 | D:3      | Found Dud Zun's Magic Scroll Shop.
  2711 | D:3      | Bought a scroll of blinking for 97 gold pieces
  2711 | D:3      | Bought a scroll of identify for 26 gold pieces
  2975 | D:4      | Noticed an ogre
  3271 | D:4      | Found Zesodgh's Antique Armour Boutique.
  3292 | D:4      | Found a staircase to the Ecumenical Temple.
  3627 | D:4      | Gained mutation: You are covered in thick fur. (AC +2)
                  | [Felid growth]
  3627 | D:4      | Reached XP level 6. HP: 27/28 MP: 8/8
  3648 | Temple   | Entered the Ecumenical Temple
  3671 | Temple   | Became a worshipper of Ashenzari the Shackled
  3672 | Temple   | Reached * piety under Ashenzari
  3672 | Temple   | Reached ** piety under Ashenzari
  4209 | D:4      | Reached *** piety under Ashenzari
  4209 | D:4      | Reached **** piety under Ashenzari
  4220 | D:4      | Reached skill level 5 in Stealth
  4535 | D:4      | Reached XP level 7. HP: 16/31 MP: 9/9
  4707 | D:5      | Entered Level 5 of the Dungeon
  4720 | D:5      | Noticed a yak
  4734 | D:5      | Noticed Prince Ribbit
  4978 | D:5      | Noticed Ijyb
  4978 | D:5      | Found Zeukhopro's Book Shoppe.
  4984 | D:5      | Killed Ijyb
  5014 | D:5      | Identified the +4 dagger "Defezori" {antimagic, rN+ rCorr
                  | Str+4}
  5037 | D:5      | Reached ***** piety under Ashenzari
  5037 | D:5      | Reached ****** piety under Ashenzari
  5136 | D:5      | Reached skill level 1 in Evocations
  5588 | D:5      | Slain by Prince Ribbit
  5589 | D:5      | Reached XP level 6. HP: -1/30 MP: 18/20
  5871 | D:5      | Noticed a yak
  5932 | D:5      | Reached XP level 7. HP: 33/33 MP: 12/12
  5944 | D:5      | Noticed a yak
  6278 | D:6      | Reached skill level 4 in Fighting
  6291 | D:6      | Noticed a steam dragon
  6709 | D:6      | Reached XP level 8. HP: 40/40 MP: 13/13
  6716 | D:6      | Learned a level 6 spell: Statue Form
  7976 | D:6      | Reached skill level 1 in Transmutations
  8677 | D:6      | Reached skill level 5 in Fighting
  8763 | D:6      | Noticed Blork the orc
  8768 | D:6      | Killed Blork the orc
  9913 | D:7      | Reached skill level 5 in Transmutations
 10338 | D:7      | Reached XP level 9. HP: 27/43 MP: 7/14
 11133 | D:7      | Noticed a komodo dragon
 11215 | D:7      | Noticed a gargoyle
 11416 | D:7      | Reached skill level 1 in Earth Magic
 11893 | D:8      | Found a flagged portal.
 12161 | Bailey   | Entered a bailey
 12437 | Bailey   | Reached XP level 10. HP: 38/47 MP: 7/15
 12846 | D:8      | Found Firaam's Weapon Shoppe.
 13471 | D:8      | Reached skill level 10 in Transmutations
 13532 | D:8      | Reached skill level 5 in Earth Magic
 13927 | D:8      | Noticed a two-headed ogre
 15145 | D:9      | Reached XP level 11. HP: 51/51 MP: 8/16
 15437 | D:9      | Noticed a boulder beetle
 16827 | D:10     | Entered Level 10 of the Dungeon
 16827 | D:10     | Found Tisiyrin's General Store.
 16827 | D:10     | Found a basalt altar of Yredelemnul.
 16865 | D:10     | Bought a wand of acid (3) for 196 gold pieces
 16865 | D:10     | Bought a scroll of teleportation for 42 gold pieces
 16865 | D:10     | Bought a scroll of teleportation for 42 gold pieces
 16870 | D:10     | Found a stormy altar of Qazlal.
 16870 | D:10     | Noticed a two-headed ogre
 17487 | D:10     | Slain by a two-headed ogre
 17488 | D:10     | Reached XP level 10. HP: -3/44 MP: 10/13
 17494 | D:10     | Noticed a manticore
 17519 | D:10     | Killed a manticore
 17829 | D:10     | Found a glowing silver altar of Zin.
 17836 | D:10     | Found an ornate altar of the Wu Jian Council.
 17841 | D:10     | Found a staircase to the Orcish Mines.
 18002 | D:10     | Killed a two-headed ogre
 18287 | D:10     | Found a staircase to the Lair.
 18558 | D:10     | Found a sacrificial altar of Ru.
 18859 | Lair:1   | Entered Level 1 of the Lair of Beasts
 18935 | Lair:1   | Noticed a cane toad
 18941 | Lair:1   | Killed a cane toad
 18947 | Lair:1   | Noticed Urug
 18978 | Lair:1   | Reached XP level 11. HP: 51/51 MP: 13/16
 18994 | Lair:1   | Noticed a four-headed hydra
 19045 | Lair:1   | Noticed a five-headed hydra
 19610 | Lair:2   | Found a hazy altar of Hepliaklqana.
 19678 | Lair:2   | Noticed a boulder beetle
 19956 | Lair:2   | Killed a boulder beetle
 20545 | Lair:2   | Identified the Tome of Malediction
 21463 | Lair:1   | Killed a four-headed hydra
 22628 | Lair:3   | Noticed a boulder beetle
 22650 | Lair:3   | Noticed a four-headed hydra
 22696 | Lair:3   | Noticed a four-headed hydra
 22705 | Lair:3   | Killed a four-headed hydra
 23305 | Lair:3   | Gained mutation: Your thick and shaggy fur keeps you warm.
                  | (AC +3, rC+) [Felid growth]
 23305 | Lair:3   | Reached XP level 12. HP: 55/55 MP: 6/18
 23564 | Lair:3   | Found a staircase to the Shoals.
 23702 | Lair:3   | Killed a boulder beetle
 23703 | Lair:3   | Reached skill level 15 in Transmutations
 23735 | Lair:3   | Killed a four-headed hydra
 23827 | Lair:3   | Noticed a catoblepas
 23837 | Lair:3   | Killed a catoblepas
 23968 | Lair:4   | Found a hole to the Spider Nest.
 24028 | Lair:4   | Reached skill level 10 in Dodging
 24656 | Lair:5   | Found a staircase to the Slime Pits.
 25002 | Lair:5   | Noticed an eight-headed hydra
 25014 | Lair:5   | Killed an eight-headed hydra
 25027 | Lair:5   | Reached skill level 6 in Fighting
 25043 | Lair:5   | Noticed a six-headed hydra
 25051 | Lair:5   | Killed a six-headed hydra
 25566 | Lair:6   | Entered Level 6 of the Lair of Beasts
 25566 | Lair:6   | Noticed an eight-headed hydra
 25566 | Lair:6   | Noticed a four-headed hydra
 25566 | Lair:6   | Noticed a seven-headed hydra
 25601 | Lair:6   | Noticed a four-headed hydra
 25610 | Lair:6   | Killed a four-headed hydra
 25614 | Lair:6   | Noticed a death yak
 25673 | Lair:6   | Reached XP level 13. HP: 60/60 MP: 16/20
 25893 | Lair:6   | Reached skill level 7 in Fighting
 26422 | Lair:6   | Noticed a dire elephant
 26439 | Lair:6   | Killed a dire elephant
 26460 | Lair:6   | Identified the Volume of the Unholy Rocks
 26541 | Lair:6   | Reached skill level 8 in Fighting
 26541 | Lair:6   | Reached skill level 10 in Stealth
 26693 | Lair:6   | Noticed a dire elephant
 26708 | Lair:6   | Killed a dire elephant
 26832 | Lair:6   | Reached skill level 10 in Unarmed Combat
 27446 | Lair:6   | Reached XP level 14. HP: 67/67 MP: 16/22
 27649 | Lair:6   | Reached skill level 9 in Fighting
 28301 | Lair:1   | Killed Urug
 29117 | D:5      | Killed Prince Ribbit
 29276 | D:5      | Found Zeukhopro's Book Shoppe.
 29794 | D:11     | Identified the +0 robe of the Turtledove {*Slow rF+++
                  | Int+4}
 30557 | D:12     | Noticed Erolcha
 30564 | D:12     | Killed Erolcha
 30565 | D:12     | Reached skill level 15 in Dodging
 30700 | D:12     | Found the necklace of Bloodlust {*Rage Will++ Int-3 Slay+6}
 30812 | D:12     | Found a runed translucent gate.
 30813 | D:12     | Found a runed translucent gate.
 30813 | D:12     | Found a runed translucent gate.
 31027 | D:12     | Noticed Opifex's ghost (journeyman FoFi)
 31720 | D:13     | Found a radiant altar of Vehumet.
 31720 | D:13     | Found a shadowy altar of Dithmenos.
 31899 | D:13     | Found an opulent altar of Gozag.
 31912 | D:13     | Found a shimmering altar of Xom.
 31919 | D:13     | Found a blossoming altar of Fedhas.
 31921 | D:13     | Found a stormy altar of Qazlal.
 32495 | D:14     | Reached skill level 5 in Evocations
 32509 | D:14     | Found a white marble altar of Elyvilon.
 32603 | D:14     | Found Xyeschej's Antique Weapon Boutique.
 32625 | D:14     | Identified the ring "Qeas" {Ice +Blink rElec Str+3 Int+3}
 32700 | D:14     | Found a basalt altar of Yredelemnul.
 32731 | D:14     | Reached XP level 15. HP: 73/73 MP: 25/25
 33500 | D:15     | Entered Level 15 of the Dungeon
 33503 | D:15     | Reached skill level 10 in Fighting
 33518 | D:15     | Noticed Ruezorao's ghost (journeyman NaBe)
 33528 | D:15     | Found a transporter.
 33545 | D:15     | Found a transporter.
 33546 | D:15     | Identified the ring of Efogg {rCorr Int+3 Dex+6 Stlth-}
 34121 | D:15     | Found a staircase to the Depths.
 34440 | Orc:1    | Entered Level 1 of the Orcish Mines
 34471 | Orc:1    | Found Kequokh's General Store.
 34561 | Orc:1    | Bought a scroll of acquirement for 832 gold pieces
 34561 | Orc:1    | Bought a potion of curing for 48 gold pieces
 34565 | Orc:1    | Noticed Erica
 34575 | Orc:1    | Killed Erica
 34682 | Orc:1    | Gained mutation: Your muscles are strong. (Str +2)
                  | [mutagenic glow]
 34757 | Orc:2    | Entered Level 2 of the Orcish Mines
 35223 | Orc:2    | Found Roox Ciu's Weapon Emporium.
 35538 | Orc:2    | Found Movik's Antique Armour Shop.
 35819 | Orc:2    | Found Ivuhurch's General Store.
 35835 | Orc:2    | Found Qeomomiv's General Store.
 36059 | Orc:2    | Found a staircase to the Elven Halls.
 36456 | Orc:2    | Found Roox Ciu's Weapon Emporium.
 36490 | Orc:2    | Found Ivuhurch's General Store.
 36491 | Orc:2    | Found Qeomomiv's General Store.
 36669 | Orc:2    | Found Movik's Antique Armour Shop.
 36757 | Orc:2    | Found a staircase to the Elven Halls.
 36914 | Orc:2    | Found Movik's Antique Armour Shop.
 37052 | Orc:2    | Found Ivuhurch's General Store.
 37053 | Orc:2    | Found Qeomomiv's General Store.
 37104 | Orc:2    | Found a staircase to the Elven Halls.
 37296 | Orc:2    | Found Roox Ciu's Weapon Emporium.
 37478 | Orc:2    | Found Ivuhurch's General Store.
 37479 | Orc:2    | Found Qeomomiv's General Store.
 37545 | Orc:2    | Found a staircase to the Elven Halls.
 37666 | Orc:2    | Found Movik's Antique Armour Shop.
 37682 | Orc:2    | Found Roox Ciu's Weapon Emporium.
 37949 | Orc:2    | Found a staircase to the Elven Halls.
 38013 | Orc:2    | Found Qeomomiv's General Store.
 38023 | Orc:2    | Found Ivuhurch's General Store.
 38058 | Orc:2    | Found Roox Ciu's Weapon Emporium.
 38059 | Orc:2    | Found Movik's Antique Armour Shop.
 38406 | Spider:1 | Entered Level 1 of the Spider Nest
 38641 | Spider:1 | Noticed an emperor scorpion
 38656 | Spider:1 | Killed an emperor scorpion
 38882 | Spider:1 | Reached skill level 10 in Earth Magic
 39136 | Spider:1 | Identified the ring "Antoo" {AC+4 Str+4}
 39144 | Spider:1 | Reached skill level 11 in Fighting
 39542 | Spider:2 | Noticed Arachne
 39579 | Spider:2 | Killed Arachne
 39580 | Spider:2 | Noticed Kirke
 39594 | Spider:1 | Killed Kirke
 39801 | Spider:2 | Reached XP level 16. HP: 79/79 MP: 19/26
 40287 | Spider:3 | Noticed Nikola
 40302 | Spider:3 | Killed Nikola
 40443 | Spider:3 | Reached skill level 12 in Fighting
 40598 | Spider:3 | Blown up by an orb spider
 40599 | Spider:3 | Reached XP level 15. HP: -2/98 MP: 0/25
 40974 | Spider:4 | Entered Level 4 of the Spider Nest
 41852 | Spider:4 | Noticed an emperor scorpion
 41867 | Spider:4 | Killed an emperor scorpion
 41936 | Spider:4 | Noticed an emperor scorpion
 41945 | Spider:4 | Killed an emperor scorpion
 41949 | Spider:4 | Reached skill level 13 in Fighting
 41975 | Spider:4 | Noticed an emperor scorpion
 41978 | Spider:4 | Noticed an emperor scorpion
 41978 | Spider:4 | Noticed an emperor scorpion
 41991 | Spider:4 | Killed an emperor scorpion
 41999 | Spider:4 | Reached XP level 16. HP: 70/80 MP: 0/26
 42326 | Spider:4 | Reached skill level 5 in Spellcasting
 42462 | Spider:4 | Got a gossamer rune of Zot
 42590 | Spider:4 | Reached XP level 17. HP: 85/85 MP: 28/28
 42789 | Shoals:1 | Entered Level 1 of the Shoals
 43180 | Shoals:1 | Noticed Josephine
 43191 | Shoals:1 | Killed Josephine
 43447 | Shoals:1 | Reached skill level 15 in Unarmed Combat
 43516 | Shoals:1 | Acquired the ring "Muibog" {rF+++ rC+ MP-9 Str+4}
 43534 | Shoals:1 | Identified the +10 arbalest of Ygumow {elec, rPois}
 44085 | Shoals:2 | Noticed Polyphemus
 44101 | Shoals:2 | Killed Polyphemus
 44249 | Shoals:3 | Noticed a kraken
 44431 | Shoals:3 | Killed a kraken
 45422 | Shoals:4 | Entered Level 4 of the Shoals
 45579 | Shoals:4 | Reached skill level 14 in Fighting
 45917 | Shoals:4 | Reached XP level 18. HP: 69/93 MP: 17/31
 46202 | Shoals:3 | Upgraded the game from 0.29-a0-384-g6960b1960d to
                  | 0.29-a0-389-gd8082fcd2d
 46214 | Shoals:4 | Found Imus's Antique Weapon Shoppe.
 46437 | Shoals:4 | Found Garshasp's Dragon-Slaying Spoils.
 46458 | Shoals:4 | Identified the +6 double sword of Psychosis {pain, rPois
                  | rC+ SInv}
 46957 | Shoals:4 | Got a barnacled rune of Zot
 47293 | D:13     | Found a gate to the Vaults.
 47329 | Vaults:1 | Entered Level 1 of the Vaults
 47329 | Vaults:1 | Identified the +6 quarterstaff of the Mauling Boar {vorpal,
                  | Stlth+}
 47742 | Vaults:1 | Found Vomeit's Weapon Boutique.
 47949 | Vaults:1 | Identified the +2 cloak "Tedom" {SInv}
 48266 | Vaults:1 | Found Zukhluev's General Store.
 48274 | Vaults:1 | Bought a scroll of fog for 42 gold pieces
 48274 | Vaults:1 | Bought a phial of floods for 840 gold pieces
 48815 | Vaults:1 | Found Jenev's Weapon Emporium.
 48826 | Vaults:1 | Found Xiedang's Magic Scroll Shoppe.
 48833 | Vaults:1 | Bought a scroll of blinking for 97 gold pieces
 48833 | Vaults:1 | Bought a scroll of teleportation for 39 gold pieces
 48833 | Vaults:1 | Bought a scroll of teleportation for 39 gold pieces
 49042 | Vaults:1 | Found Oroesmewa's Assorted Antiques.
 49287 | Vaults:1 | Reached XP level 19. HP: 99/99 MP: 19/32
 49342 | Vaults:1 | Reached skill level 15 in Fighting
 49585 | Vaults:1 | Reached skill level 15 in Stealth
 50186 | Vaults:2 | Reached skill level 16 in Fighting
 50192 | Vaults:2 | Noticed a dread lich
 50370 | Vaults:2 | Killed a dread lich
 50411 | Vaults:2 | Identified the +5 leather armour of Darkness {rElec Str+4
                  | Stlth+}
 50445 | Vaults:2 | Found the +5 glaive of the Guard {elec, spectral, AC+5}
 52540 | Vaults:3 | Found a staircase to the Crypt.
 52577 | Vaults:3 | Reached XP level 20. HP: 106/106 MP: 29/35
 53736 | Vaults:4 | Reached skill level 17 in Fighting
 54540 | Vaults:4 | Found Yrayguq's Armour Emporium.
 55506 | D:12     | Killed Opifex's ghost
 55654 | Depths:1 | Entered Level 1 of the Depths
 56076 | Depths:1 | Found Noarghu's Weapon Emporium.
 56176 | Depths:1 | Found a gateway to Hell.
 56266 | Depths:1 | Found a one-way gate to the infinite horrors of the Abyss.
 56282 | Depths:1 | Learned a level 2 spell: Blink
 56340 | Depths:1 | Reached XP level 21. HP: 112/112 MP: 34/36
 56394 | Depths:1 | Found an ornate altar of the Wu Jian Council.
 56404 | Depths:1 | Found a one-way gateway to a ziggurat.
 56655 | Depths:1 | Reached skill level 1 in Translocations
 56708 | Depths:1 | Reached skill level 18 in Fighting
 56789 | Depths:2 | Learned a level 7 spell: Storm Form
 57722 | Depths:2 | Reached skill level 5 in Translocations
 57805 | Depths:2 | Found a shimmering blue altar of Sif Muna.
 58175 | Depths:2 | Found a one-way gate leading to the halls of Pandemonium.
 58615 | Depths:3 | Found a runed translucent door.
 59688 | Depths:3 | Identified the +1 cloak of the Bruised Tables {-Tele Str-3
                  | Dex+10 SInv}
 59785 | Depths:3 | Identified the ring "Ynkiskej" {Fly rElec MP+9 Str+2 Dex+3}
 59792 | Depths:3 | Reached skill level 19 in Fighting
 59862 | Depths:3 | Identified the +6 chain mail of Words of Power {rN+ Slay+2}
 60095 | Depths:3 | Noticed a golden dragon
 60098 | Depths:3 | Killed a golden dragon
 60240 | Depths:3 | Reached skill level 20 in Fighting
 60391 | Depths:3 | Identified the ring "Tiohiloceca" {Fly rElec rF+ Int+2}
 60667 | Depths:3 | Identified the ring "Dogeshrutt" {+Blink Fly Will+ Dex+4
                  | Slay+3}
 60678 | Depths:3 | Found a runed translucent door.
 60728 | Depths:3 | Reached XP level 22. HP: 120/120 MP: 21/37
 60735 | Depths:3 | Reached skill level 1 in Air Magic
 60821 | Depths:3 | Found an ornate altar of the Wu Jian Council.
 60822 | Depths:3 | Found an opulent altar of Gozag.
 60849 | Depths:3 | Reached skill level 10 in Evocations
 60939 | Depths:3 | Found a broken altar of Ashenzari.
 60939 | Depths:3 | Found an ancient bone altar of Kikubaaqudgha.
 60958 | Depths:3 | Identified the Handbook of Stones
 61293 | Depths:3 | Identified the +4 shortbow "Koibuecvu" {flame, rPois rN+}
 61372 | Depths:3 | Found a runed translucent door.
 61373 | Depths:3 | Found a runed translucent door.
 61373 | Depths:3 | Noticed a caustic shrike
 61502 | Depths:3 | Identified the +1 plate armour of the Sturgeon {rElec
                  | Stlth+}
 61951 | Depths:4 | Entered Level 4 of the Depths
 62031 | Depths:4 | Noticed a caustic shrike
 62044 | Depths:3 | Killed a caustic shrike
 62688 | Depths:3 | Reached skill level 21 in Fighting
 63120 | Depths:4 | Found a gate to the Realm of Zot.
 63572 | Depths:4 | Found a gate to the Realm of Zot.
 63858 | Depths:4 | Learned a level 5 spell: Manifold Assault
 64122 | Elf:1    | Entered Level 1 of the Elven Halls
 64178 | Elf:1    | Noticed Agnes
 64187 | Elf:1    | Killed Agnes
 64208 | Elf:1    | Found a runed translucent gate.
 64208 | Elf:1    | Found a runed translucent gate.
 64208 | Elf:1    | Found a runed translucent gate.
 64208 | Elf:1    | Found a runed translucent gate.
 64208 | Elf:1    | Found a runed translucent gate.
 64210 | Elf:1    | Found a runed translucent gate.
 64474 | Elf:1    | Reached XP level 23. HP: 115/127 MP: 21/38
 64917 | Elf:2    | Identified the +3 robe of the Dowdy God {Int+4}
 65103 | Elf:2    | Found a runed translucent gate.
 65103 | Elf:2    | Found a runed translucent gate.
 65103 | Elf:2    | Found a runed translucent gate.
 65928 | Elf:3    | Entered Level 3 of the Elven Halls
 66033 | Elf:3    | Found Niecseuwn's Magic Scroll Shop.
 66172 | Elf:3    | Reached skill level 10 in Translocations
 66175 | Elf:3    | Noticed Mara
 66179 | Elf:3    | Noticed Kenran's illusion
 66240 | Elf:2    | Noticed Kenran's illusion
 66240 | Elf:2    | Killed Mara
 66366 | Elf:3    | HP: 4/190 [Hell Sentinel/damnation[a deep elf demonologist]
                  | (36)]
 66367 | Elf:3    | Mangled by a Hell Sentinel
 66368 | Elf:3    | Reached XP level 22. HP: -8/184 MP: 0/28
 66920 | Elf:3    | Identified the +5 battleaxe of Uncertain Death {vamp, Will+
                  | Str+3}
 66929 | Elf:3    | Identified the amulet of Suwixow {RegenMP Harm rPois Regen+
                  | Dex+5}
 67234 | Elf:3    | Identified the +6 great sword of the Freezing Augurer
                  | {holy, rN+ Str+4}
 67447 | Elf:3    | Bought a scroll of blinking for 105 gold pieces
 67972 | Crypt:1  | Entered Level 1 of the Crypt
 68366 | Crypt:1  | Reached skill level 22 in Fighting
 69095 | Crypt:2  | Learned a level 7 spell: Dragon Form
 69107 | Crypt:2  | Noticed Zenata
 69114 | Crypt:2  | Reached XP level 23. HP: 127/127 MP: 29/38
 69170 | Crypt:2  | Killed Zenata
 69734 | Crypt:3  | Entered Level 3 of the Crypt
 69839 | Crypt:3  | Identified the +3 mace of Arrival {antimagic, Dex+3}
 69897 | Crypt:3  | Found a staircase to the Tomb.
 70936 | Crypt:3  | Identified the +12 quarterstaff "Haovad" {speed, Str+5 SInv
                  | Stlth+}
 71021 | Crypt:3  | Noticed a curse toe
 71338 | Crypt:3  | Found a basalt altar of Yredelemnul.
 71340 | Crypt:3  | Found an ancient bone altar of Kikubaaqudgha.
 71350 | Crypt:3  | Killed a curse toe
 71351 | Crypt:3  | Identified the +9 trident of Painted Subterfuge {freeze,
                  | rN+ MP+9 SInv}
 71384 | Crypt:3  | Identified the +4 rapier of Death's Door {antimagic,
                  | *Corrode rPois Int+5}
 71478 | Crypt:3  | Acquired the ring of Panentheism {rC- AC+4 Str+7 Int+2}
 71498 | Crypt:3  | Learned a level 5 spell: Irradiate
 71963 | Depths:1 | Voluntarily entered the Abyss.
 72007 | Abyss:2  | Found a bloodstained altar of Trog.
 72068 | Abyss:2  | Paralysed by accursed screaming for 1 turns
 72924 | Abyss:4  | Gained mutation: You tend to lose your temper in combat. [a
                  | neqoxec]
 72925 | Abyss:4  | Gained mutation: You occasionally shout uncontrollably at
                  | your foes. [a neqoxec]
 72959 | Abyss:4  | Paralysed by accursed screaming for 1 turns
 72977 | Depths:1 | Escaped the Abyss
 73164 | Vaults:1 | Lost mutation: Your muscles are strong. (Str +2) [potion of
                  | mutation]
 73164 | Vaults:1 | Lost mutation: You tend to lose your temper in combat.
                  | [potion of mutation]
 73164 | Vaults:1 | Gained mutation: You sometimes lose the ability to read
                  | scrolls when taking damage. [potion of mutation]
 73164 | Vaults:1 | Gained mutation: You are partially covered in large bone
                  | plates. (SH +4) [potion of mutation]
 73164 | Vaults:1 | Gained mutation: Your mind is acute. (Int +2) [potion of
                  | mutation]
 73683 | Elf:1    | Lost mutation: You sometimes lose the ability to read
                  | scrolls when taking damage. [potion of mutation]
 73683 | Elf:1    | Lost mutation: Your mind is acute. (Int +2) [potion of
                  | mutation]
 73683 | Elf:1    | Lost mutation: You are partially covered in large bone
                  | plates. (SH +4) [potion of mutation]
 73683 | Elf:1    | Gained mutation: Your mind is acute. (Int +2) [potion of
                  | mutation]
 73683 | Elf:1    | Gained mutation: You have hidden genetic potential. [potion
                  | of mutation]
 73683 | Elf:1    | Gained mutation: Your flesh is heat resistant. (rF+)
                  | [potion of mutation]
 73959 | Depths:1 | Voluntarily entered the Abyss.
 73961 | Abyss:1  | Found a corrupted altar of Lugonu.
 74028 | Abyss:2  | Found a corrupted altar of Lugonu.
 74043 | Abyss:3  | Found a corrupted altar of Lugonu.
 74116 | Abyss:3  | Paralysed by accursed screaming for 1 turns
 74448 | Abyss:3  | Reached XP level 24. HP: 110/129 MP: 20/29
 74448 | Abyss:3  | Reached XP level 25. HP: 114/133 MP: 20/29
 74448 | Abyss:3  | Got an abyssal rune of Zot
 74473 | Depths:1 | Escaped the Abyss
 74523 | Zot:1    | Entered Level 1 of the Realm of Zot
 74535 | Zot:1    | Reached skill level 23 in Fighting
 75086 | Zot:1    | Noticed Vv
 75910 | Zot:2    | Reached XP level 26. HP: 142/142 MP: 22/36
 76494 | Zot:3    | Found the +4 dragonskin cloak
 76494 | Zot:3    | Noticed Tiamat
 76631 | Zot:3    | Killed Tiamat
 76788 | Zot:3    | Identified the Collected Works on Frigorific Clay
 77441 | Zot:4    | Identified the +4 bardiche of the Special Artists {vorpal,
                  | rF+ Dex+3}
 77710 | Zot:4    | Gained mutation: You have a pair of small antennae on your
                  | head. [hidden potential]
 77906 | Zot:5    | Entered Level 5 of the Realm of Zot
 78205 | Zot:5    | Reached skill level 5 in Conjurations
 78281 | Zot:5    | Noticed a dread lich
 78288 | Zot:5    | Noticed an ancient lich
 78289 | Zot:5    | Killed a dread lich
 78289 | Zot:5    | Noticed a dread lich
 78292 | Zot:5    | Noticed a dread lich
 78297 | Zot:5    | Killed an ancient lich
 78304 | Zot:5    | Killed a dread lich
 78310 | Zot:5    | Killed a dread lich
 78328 | Zot:5    | Noticed an ancient lich
 78336 | Zot:5    | Noticed an orb of fire
 78519 | Zot:5    | Noticed a dread lich
 78748 | Zot:5    | Noticed a dread lich
 78766 | Zot:5    | Killed a dread lich
 78772 | Zot:5    | Noticed a dread lich
 78786 | Zot:5    | Killed a dread lich
 78808 | Zot:5    | Noticed an orb of fire
 78815 | Zot:5    | Killed an orb of fire
 78816 | Zot:5    | Reached skill level 24 in Fighting
 78816 | Zot:5    | Reached skill level 15 in Evocations
 78822 | Zot:5    | Killed a dread lich
 78822 | Zot:5    | Noticed an ancient lich
 78823 | Zot:5    | Reached XP level 27. HP: 133/147 MP: 22/36
 78880 | Zot:5    | Noticed an ancient lich
 78947 | Zot:5    | Killed an ancient lich
 78955 | Zot:5    | Killed an ancient lich
 79127 | Zot:5    | Killed an orb of fire
 79149 | Zot:5    | Got the Orb of Zot
 79318 | Depths:4 | Noticed Sufoshrid the pandemonium lord
 79358 | Depths:2 | Noticed Suqiot the pandemonium lord
 79372 | Depths:2 | Killed Suqiot the pandemonium lord
 79482 | Depths:1 | Noticed Anebrinul the pandemonium lord
 79482 | Depths:1 | Noticed an ancient lich
 79518 | D:14     | Noticed Houdoi the pandemonium lord
 79529 | D:13     | Gained mutation: You sometimes lose the ability to read
                  | scrolls when taking damage. [a cacodemon]
 79860 | D:$      | Escaped with the Orb!

Illustrated notes

Levels and vault maps discovered:
D:1:      zaba_arrival_water, layout_basic, nrook_mini_vaults
D:2:      minmay_roachtagon, layout_loops_cross, amcnicky_mini_corridor_feature,
          pf_guarded_unrand_delatra
D:3:      kennysheep_the_goblin_king, layout_loops_ring, amcnicky_altar_gilded,
          serial_shops, shop, basic_ecumenical_altar
D:4:      layout_basic, minmay_temple_entry_stoned_glass, serial_shops,
          nicolae_shop_hallway_plus, wad_rectangle_vault
D:5:      layout_rooms, serial_shops, shop, amcnicky_mini_pool_medium,
          uniq_prince_ribbit1, uniq_ijyb
D:6:      minmay_goblin_kobold_castle, layout_basic, uniq_blork_the_orc
D:7:      layout_basic, minmay_shattered_shrine
D:8:      layout_basic, serial_shops, nicolae_shop_bloodbath_and_beyond,
          serial_undead, serial_undead_c, serial_undead_e, serial_undead_f,
          serial_undead_e, serial_undead_b, serial_undead_f, enter_bailey_2
D:9:      corexii_shack_village, layout_loops_corners, kennysheep_windowed_goal
D:10:     layout_gridville, grunt_temple_overflow_open,
          nicolae_ru_sacrificial_ziggurat, mainiacjoe_overflow_large_starburst,
          david_lair_shrubbed, orc_0_dummy, serial_shops, nicolae_diamond_shop
D:11:     layout_grid_maze, st_stairs_14, hangedman_weighted_door
D:12:     layout_layer_cave, gammafunk_ghost_icy,
          hellmonk_guarded_unrand_vitality_bloodlust, uniq_erolcha
D:13:     layout_cave_pools, lightli_vaults_fourway_checkpoint,
          minmay_statues_item, doesnt_xom_only_xom
D:14:     layout_gridville, serial_shops, nicolae_shop_hallway_plus,
          nicolae_elyvilon_temple_path, lemuel_zombie_altar_yredelemnul
D:15:     gammafunk_enter_depths_forms, layout_basic, minmay_misc_feat_alley,
          gammafunk_ghost_stat_death
Temple:   lightli_temple_of_artemis
Lair:1:   layout_misc_corridors, grunt_megastairs_2, lemuel_fruit_tree,
          serial_bayou_shore_a, uniq_urug
Lair:2:   layout_small_grid, basic_altar, serial_bayou_shore_b
Lair:3:   layout_small_grid, shoals_dummy_entry, kennysheep_catoblepas_arena,
          infiniplex_staircase_pool
Lair:4:   layout_regular_city, dummy_spider_entry,
          chequers_serial_rivers_micro_e
Lair:5:   layout_cave_pods, minmay_slime_entry_pillars,
          small_statue_intersection, infiniplex_staircase_pool_2
Lair:6:   hangedman_lair_caniforms_friends, layout_cave_pods,
          hangedman_lair_in_review, st_stairs_10, dreamdust_gnoll_shepherd
Shoals:1: layout_shoals, nicolae_shoals_shepherds, uniq_josephine
Shoals:2: layout_shoals, uniq_polyphemus
Shoals:3: dreamdust_from_the_deep, layout_shoals,
          nicolae_shoals_stone_sculpture_thing
Shoals:4: shoals_end_hangedman, layout_shoals, serial_shops, shop,
          nicolae_shoals_square_sea_wall, nicolae_shop_dragon_depot
Spider:1: layout_spider_delve
Spider:2: layout_spider_delve, uniq_kirke, uniq_arachne
Spider:3: layout_spider_delve, uniq_nikola
Spider:4: grunt_spider_rune_circles, worms_lemuel,
          hangedman_spider_tarantella_strand
Orc:1:    layout_caves, serial_shops, shop, uniq_erica
Orc:2:    st_orc_town, layout_caves
Elf:1:    layout_rooms, orc_legates, uniq_agnes
Elf:2:    elven_hall_of_blades_hangedman_original [nooodl_blade_entry_preview],
          layout_loops_ring, drop_trap, minivault_20, minmay_misc_feat_pillars
Elf:3:    minmay_elf_hall_statues, layout_loops_cross, serial_shops, shop,
          uniq_mara
Vaults:1: nicolae_vaults_hallways_thing, vaults_room_pools,
          nicolae_vaults_c_with_doors, vaults_dpeg_encased_lava,
          hangedman_vaults_nails, nicolae_vaults_angled_halls, v_pattern_4,
          vaults_room_grunt_arrival_ludios, hangedman_vaults_corner,
          grunt_vaults_swirl, layout_vaults_big_room, serial_shops,
          nicolae_shop_behind_doors, shop, nicolae_shop_advertising_works
          [nicolae_subvault_shop_adworks], shop, nicolae_shop_hallway_stairs
Vaults:2: grunt_vaults_twisty, nicolae_vaults_network_quinsquares
          [nicolae_vaults_network_quincunx_subvault,
          nicolae_vaults_network_quincunx_subvault,
          nicolae_vaults_network_quincunx_subvault,
          nicolae_vaults_network_quincunx_subvault],
          nicolae_vaults_network_barrier, ontoclasm_vaults_idyll, serial_ice_b,
          minmay_guarded_unrand_guard_vaults, hangedman_vaults_cutoff,
          vaults_room_corners, vaults_room_corners, vaults_dpeg_hooks,
          layout_vaults_omnicross
Vaults:3: v_misc_19, nicolae_vaults_little_ls, hangedman_vaults_locks,
          ontoclasm_vaults_spin, v_rooms_3, nicolae_vaults_little_squares_3,
          vaults_mumra_hex, nicolae_vaults_alarming, dpeg_vaults_monster_box,
          layout_vaults_omnigrid
Vaults:4: vaults_room_grid, v_misc_24, v_misc_9, hangedman_vaults_capsules,
          ontoclasm_vaults_twist, v_misc_19, hangedman_vaults_corner_blocks,
          ontoclasm_vaults_decontamination,
          nicolae_vaults_windows_and_doors_thing, v_misc_12, v_misc_22,
          ontoclasm_vaults_misaligned, nicolae_vaults_triangles,
          grunt_vaults_hallway_long, nicolae_vaults_specimen_jars,
          layout_vaults_omnibox, serial_shops, nicolae_shop_behind_doors
Crypt:1:  layout_misc_corridors, grunt_crypt_arrival_split, grunt_megastairs_3
Crypt:2:  layout_chaotic_city, roderic_lattice_octagonal_star, lemuel_elevator,
          uniq_zenata, uniq_josephina
Crypt:3:  lightli_unholy_cathedral, layout_chaotic_city,
          tomb_entry_sphere_bobbens
Depths:1: layout_big_octagon, enter_ziggurat_b, kennysheep_boxes, abyss_entry,
          serial_shops, nicolae_take_the_stairs, grunt_hell_entry_dis_grunt,
          kennysheep_small_spiral, chequers_decorated_corner,
          pdpol_wu_jian_five_deadly_venoms
Depths:2: minmay_polygon_palace, layout_cave_pools, hell_entry, pan_entry,
          nicolae_sif_muna_condensation, hangedman_glass_teeth
Depths:3: minmay_the_grid_ultimate [minmay_the_grid_prize_inner_circle,
          minmay_the_grid_prize_shrinking_boxes, minmay_the_grid_prize_big_room,
          minmay_the_grid_prize_four_corners_diamond_b,
          minmay_the_grid_square_5x5_broken_cross,
          minmay_the_grid_square_5x5_minivault,
          minmay_the_grid_square_5x5_misaligned,
          minmay_the_grid_square_5x5_moneybag,
          minmay_the_grid_square_5x5_checkered, minmay_the_grid_square_5x5_bite,
          minmay_the_grid_square_5x5_two_walls_a,
          minmay_the_grid_square_5x5_empty,
          minmay_the_grid_square_5x5_tetrominoes,
          minmay_the_grid_square_5x5_dogpile, minmay_the_grid_square_5x5_comb,
          minmay_the_grid_square_5x5_three_small,
          minmay_the_grid_square_5x5_tri_point,
          minmay_the_grid_square_5x5_percent,
          minmay_the_grid_square_5x5_six_small,
          minmay_the_grid_triangle_9x9_dagger,
          minmay_the_grid_triangle_9x9_flanged_cone,
          minmay_the_grid_triangle_9x9_skeleton,
          minmay_the_grid_triangle_9x9_corruption,
          minmay_the_grid_triangle_9x9_checkered,
          minmay_the_grid_triangle_9x9_intruding_spiral,
          minmay_the_grid_triangle_9x9_from_above,
          minmay_the_grid_triangle_9x9_subtriangle,
          minmay_the_grid_triangle_9x9_zippers_vertical,
          minmay_the_grid_triangle_9x9_wacky_v,
          minmay_the_grid_triangle_9x9_longest,
          minmay_the_grid_triangle_9x9_sprig,
          minmay_the_grid_triangle_9x9_steps,
          minmay_the_grid_triangle_9x9_semitri,
          minmay_the_grid_triangle_9x9_fully_insulated_deathbox,
          minmay_the_grid_triangle_9x9_empty,
          minmay_the_grid_square_5x5_eight_small,
          minmay_the_grid_octo_fat_diamond, minmay_the_grid_octo_shrine,
          minmay_the_grid_octo_odd_swirl, minmay_the_grid_octo_77,
          minmay_the_grid_octo_checkered, minmay_the_grid_octo_clover_2,
          minmay_the_grid_octo_checkerflower, minmay_the_grid_octo_horde,
          minmay_the_grid_pillar_ring, minmay_the_grid_holed_spiral,
          minmay_the_grid_expand, minmay_the_grid_stretched_grid], hell_entry,
          abyss_entry
Depths:4: grunt_crosshair, layout_cave_pools, hangedman_tar_grid_catacomb,
          minmay_stone_trees_small, minmay_microvault
Zot:1:    layout_basic, uniq_vv
Zot:2:    layout_concentric_octagons
Zot:3:    layout_concentric_octagons, grunt_megastairs_1, uniq_tiamat
Zot:4:    layout_cellular_growth, hangedman_snake_sidewinding,
          grunt_megastairs_4
Zot:5:    layout_misc_corridors

Skill      XL: |  1  2  3  4  5  6  7  8  9 10 11 12 13 14 15 16 17 18 19 20 21 22 23 24 25 26 27 |
---------------+----------------------------------------------------------------------------------+-----
Unarmed Combat | 4 5 6 7 8 9 10 12 14 16 18 19 20 22 23 | 23.9
Stealth        | 3 4 5 7 8 10 12 14 16 18 20 21 | 21.3
Spellcasting   | 1 2 3 4 5 6 |  6.2
Dodging        | 5 6 7 8 11 13 15 17 18 19 20 21 22 23 | 23.0
Hexes          | 3 |  3.4
Evocations     | 3 4 5 7 9 12 14 15 16 | 16.9
Fighting       | 4 5 6 8 9 13 12 14 16 17 20 22 23 24 | 24.4
Transmutations | 6 8 11 14 15 16 17 18 20 | 20.7
Earth Magic    | 2 7 8 9 10 11 12 | 12.6
Translocations | 6 12 10 | 12.0
Air Magic      | 3 |  3.8
Conjurations   | 2 3 6 |  6.1

Action                   |  1- 3 |  4- 6 |  7- 9 | 10-12 | 13-15 | 16-18 | 19-21 | 22-24 | 25-27 || total
-------------------------+-------+-------+-------+-------+-------+-------+-------+-------+-------++-------
Melee: Unarmed           |   119 |   185 |   380 |   744 |  1118 |   888 |  1169 |  1474 |   638 ||  6715
       Bite              |    11 |    13 |    44 |   126 |   180 |   150 |   239 |   245 |   128 ||  1136
       Punch             |     1 |     7 |    27 |    72 |   134 |   126 |   240 |   240 |   155 ||  1002
 Cast: Confusing Touch   |       |    10 |    54 |   103 |     1 |       |       |       |       ||   168
       Statue Form       |       |       |       |    23 |   122 |    76 |   102 |   116 |    59 ||   498
       Manifold Assault  |       |       |       |       |       |       |       |    32 |    11 ||    43
       Irradiate         |       |       |       |       |       |       |       |     1 |     7 ||     8
Invok: Curse Item        |       |     2 |     1 |     2 |       |     1 |     1 |       |     1 ||     8
       Shatter the Chain |       |       |     1 |     1 |     1 |       |     1 |     1 |       ||     5
 Abil: End Transformatio |       |       |       |       |       |       |       |       |     1 ||     1
Evoke: Wand              |       |     3 |     5 |     8 |    16 |     8 |     2 |     4 |     3 ||    49
       Box of beasts     |       |       |       |       |     1 |       |     1 |       |     4 ||     6
       Phial of floods   |       |       |       |       |       |       |     4 |     1 |       ||     5
       Phantom mirror    |       |       |       |       |       |       |     1 |     1 |     5 ||     7
       Condenser vane    |       |       |       |       |       |       |       |     1 |     1 ||     2
  Use: Scroll            |       |     6 |     2 |     3 |     2 |     6 |     3 |    12 |    15 ||    49
       Potion            |       |       |     2 |     5 |     1 |     4 |     4 |     8 |     7 ||    31
 Stab: Sleeping          |     4 |     9 |    22 |    34 |    23 |    14 |    30 |    28 |    15 ||   179
       Confused          |       |     5 |    25 |    65 |     2 |       |       |       |       ||    97
       Distracted        |       |     1 |     4 |       |     2 |     1 |     5 |    12 |     3 ||    28
       Petrifying        |       |       |       |       |     1 |       |       |       |       ||     1
       Paralysed         |       |       |       |       |     1 |       |       |       |       ||     1
       Invisible         |       |       |       |       |       |     4 |       |       |       ||     4
Armor: Skin              |    13 |     5 |    13 |    54 |   328 |   275 |   255 |   314 |   129 ||  1386
Dodge: Dodged            |   100 |   116 |   289 |   664 |  2152 |  2054 |  1969 |  2276 |   996 || 10616

Table legend: (Time is in decaauts)
 A = Elapsed time spent in this place.
 B = Non-inter-level travel time spent in this place.
 C = Inter-level travel time spent in this place.
 D = Time resting spent in this place.
 E = Time spent auto-exploring this place.
 F = Levels seen in this place.
 G = Mean time per level.
                   A        B        C        D        E       F      G
               +--------+--------+--------+--------+--------+-----+--------+
         Total |  82725 |  77426 |   5299 |  24384 |  21425 |  59 | 1402.1 |
       Dungeon |  24134 |  22140 |   1994 |   9375 |   6351 |  15 | 1608.9 |
        Temple |     91 |     85 |      6 |      0 |     64 |   1 |   91.0 |
          Lair |   9633 |   9060 |    573 |   2709 |   3330 |   6 | 1605.5 |
        Shoals |   5293 |   4921 |    372 |   1999 |     97 |   4 | 1323.2 |
   Spider Nest |   4985 |   4808 |    177 |    941 |   1668 |   4 | 1246.2 |
  Orcish Mines |   3951 |   3703 |    248 |    366 |   2685 |   2 | 1975.5 |
   Elven Halls |   3902 |   3668 |    234 |   1037 |    849 |   3 | 1300.7 |
        Vaults |   8780 |   7943 |    837 |   2186 |   1820 |   4 | 2195.0 |
         Crypt |   4440 |   4224 |    216 |    849 |   1248 |   3 | 1480.0 |
        Depths |   9514 |   9068 |    446 |   3616 |   1957 |   4 | 2378.5 |
           Zot |   5393 |   5202 |    191 |    757 |   1347 |   5 | 1078.6 |
         Abyss |   1997 |   1997 |      0 |    135 |      6 |   7 |  285.3 |
        Bailey |    605 |    605 |      0 |    410 |      0 |   1 |  605.0 |
               +--------+--------+--------+--------+--------+-----+--------+

Top non-repeatable levels by time:
Depths:3: 3801 daAuts
   Orc:2: 3262 daAuts
Depths:2: 3016 daAuts
     D:6: 2969 daAuts
     D:7: 2797 daAuts
  Lair:6: 2619 daAuts
  Lair:2: 2449 daAuts
Vaults:2: 2385 daAuts
Vaults:1: 2366 daAuts
Vaults:3: 2331 daAuts
     D:9: 2306 daAuts
 Crypt:3: 2288 daAuts
    D:10: 1991 daAuts
Shoals:3: 1931 daAuts
Spider:4: 1911 daAuts
